 Dungeon Crawl Stone Soup version 0.30.1-11-g7821555f0a (webtiles) character file.

Game seed: 13336315105408843970

884 Groucho the Magician (level 8, -5/55 HPs)
             Began as a Djinni Fire Elementalist on Jan 5, 2024.
             Was an Initiate of Hepliaklqana.
             Slain by Duvessa
             ... wielding a +0 short sword
              (12 damage)
             ... on level 5 of the Dungeon.
             The game lasted 00:14:24 (10476 turns).

Groucho the Magician (Djinni Fire Elementalist)    Turns: 10476, Time: 00:14:25

Health: -5/55      AC:  4    Str:  7    XL:     8   Next: 26%
Gold:   431        EV: 13    Int: 19    God:    Hepliaklqana [......] SH:  0 Dex: 14

rFire   + + .        h - staff of death
rCold   x . .        (no shield)
rNeg    + . .        a - +0 robe
rPois   ∞            s - +0 helmet
rElec   .            p - +0 cloak
rCorr   .            (no gloves)
SInv    .            (boots unavailable)
Will    .....        (no amulet)
Stlth   ++           k - ring of wizardry
HPRegen 0.29/turn    l - +4 ring of slaying
MPRegen 0.00/turn

%: wizardry (x1), infuse magic (-6 HP)
@: flying
A: sickness immunity, fire resistance 2, cold vulnerability 1, float, innate
caster, HP casting, extra vitality 1
a: Renounce Religion


You were on level 5 of the Dungeon.
You worshipped Hepliaklqana.
Hepliaklqana was noncommittal.
You visited 2 branches of the dungeon, and saw 6 of its levels.

You collected 431 gold pieces.

Inventory:

Armour
 a - a +0 robe (worn)
 p - a +0 cloak (worn)
 q - a +0 ring mail
 s - a +0 helmet (worn)
Magical Staves
 h - a staff of death (weapon)
Jewellery
 k - a ring of wizardry (left hand)
 l - a +4 ring of slaying (right hand)
Scrolls
 b - a scroll of vulnerability {unknown}
 c - 2 scrolls of poison {unknown}
 d - a scroll of fog
 e - a scroll of blinking {unknown}
 f - 2 scrolls of identify {unknown}
 j - a scroll of immolation {unknown}
 m - a scroll of silence {unknown}
 n - a scroll of torment {unknown}
 o - 3 scrolls of noise {unknown}
 r - 4 scrolls of enchant armour {unknown}
 v - a scroll of enchant weapon {unknown}
 x - a scroll of amnesia {unknown}
Potions
 g - 2 potions of lignification
 i - a potion of experience {unknown}
 t - a potion of flight {unknown}
 u - a potion of attraction {unknown}
 z - a potion of brilliance {unknown}


   Skills:
 + Level 2.7 Fighting
 + Level 2.5 Staves
 + Level 2.8 Armour
 + Level 4.1 Dodging
 - Level 1.5 Stealth
 + Level 4.6 Spellcasting
 + Level 3.0 Evocations


You knew the following spells:

 Your Spells              Type           Power      Damage    Failure   Level
a - Foxfire               Conj/Fire      88%        2x1d8     1%          1
b - Scorch                Fire           44%        2d7       1%          2
c - Volatile Blastmotes   Fire/Tloc      44%        2d13      2%          3
d - Inner Flame           Hex/Fire       22%        N/A       2%          3
e - Flame Wave            Conj/Fire      22%        2d8       8%          4
f - Slow                  Hex            88%        N/A       1%          1
g - Call Imp              Summ           44%        N/A       1%          2
h - Hailstorm             Conj/Ice       22%        3d7       2%          3
Your spell library was empty.

Dungeon Overview and Level Annotations

Branches:
Dungeon (5/15)             Temple (1/1) D:4

Altars:
Ashenzari
Cheibriados
Dithmenos
Fedhas
Hepliaklqana
Nemelex Xobeh
Okawaru
Qazlal
Ru
Trog
Uskayaw
Xom
Yredelemnul
Zin

Shops:
D:2 [

Annotations:
D:4 exclusion: downstairs
D:5 Duvessa


Innate Abilities, Weirdness & Mutations

You are immune to sickness and miasma.
You are immune to poison.
Your flesh is very heat resistant. (rF++)
You are vulnerable to cold. (rC-)
You float through the air rather than walking.
You learn spells naturally, not from books.
Your magical power is your life essence.
You have superior vitality. (+4 MHP)


Message History

Duvessa is moderately wounded.
Duvessa's fire resistance burns away.
Duvessa hits you with a +0 short sword!
Unknown command.
Unknown command.
Casting: Scorch (safe; 1% risk of failure)
Confirm with . or Enter, or press ? or * to list all spells.
Casting: Flame Wave (dangerous; 8% risk of failure)
Press: ? - help, Dir - look around, f - activate A wave of flame ripples out!
The flame wave engulfs Duvessa!
Duvessa is burned terribly!
Duvessa is heavily wounded. (Press . to intensify the flame waves.)
* * * LOW HITPOINT WARNING * * *
Duvessa hits you with a +0 short sword.
* * * LOW HITPOINT WARNING * * *
Unknown command.
Unknown command.
You feel better. Duvessa hits you with a +0 short sword!
* * * LOW HITPOINT WARNING * * *
Unknown command.
Unknown command.
Casting: Flame Wave (dangerous; 8% risk of failure)
Confirm with . or Enter, or press ? or * to list all spells.
Casting: Flame Wave (dangerous; 8% risk of failure)
Press: ? - help, Dir - look around, f - activate A wave of flame ripples out!
The flame wave engulfs Duvessa but does no damage.
Duvessa is heavily wounded. (Press . to intensify the flame waves.)
* * * LOW HITPOINT WARNING * * *
Duvessa misses you.
Unknown command.
Unknown command.
Unknown command.
A wave of flame ripples out!
The flame wave engulfs Duvessa but does no damage.
Duvessa is heavily wounded.
* * * LOW HITPOINT WARNING * * *
Duvessa hits you with a +0 short sword!
You die...

#####.# .
#.<...# ...
########.....
#....e'.....
#.#####..... #.#
### #.#
########## #e#
#........# #@#
#...#....# #.#
#...#....# #.#
#........# #.#
#........# #.#
#....#'#.#
#.#####....#...#
#........#.#####
##########.....#
#####.#


You could see Duvessa (berserk, slow, combustible).

Vanquished Creatures
  Sigmund (D:4)
  A water moccasin (D:5)
  A bullfrog (D:4)
  A scorpion (D:5)
  Dowan (D:5)
  A howler monkey (D:4)
  A jelly (D:4)
  2 orc priests (D:4)
  3 sleepcaps
  3 orc wizards (D:4)
  6 adders
  2 gnolls (D:4)
  3 dart slugs
  17 orcs
  10 bats
  6 endoplasms
  5 giant cockroaches
  4 goblins
  3 hobgoblins (D:2)
  3 quokkas
  9 ball pythons
  A frilled lizard (D:2)
  5 kobolds
  5 rats
94 creatures vanquished.

Vanquished Creatures (collateral kills)
  3 foxfires (D:5)
3 creatures vanquished.

Vanquished Creatures (others)
  398 foxfires
398 creatures vanquished.

Grand Total: 495 creatures vanquished

Notes
Turn   | Place    | Note
-------+----------+-------------------------------------------
     0 | D:1      | Groucho the Djinni Fire Elementalist began the quest for
                  | the Orb.
     0 | D:1      | Groucho set off with the following spells memorised:
                  | Foxfire, Scorch, Volatile Blastmotes, Inner Flame, Flame
                  | Wave.
     0 | D:1      | Reached XP level 1. HP: 15/15 MP: 0/0
    46 | D:1      | Found a faded altar of an unknown god.
   247 | D:1      | Reached XP level 2. HP: 17/21 MP: 0/0
  1364 | D:2      | Reached XP level 3. HP: 21/25 MP: 0/0
  1364 | D:2      | Learned a level 1 spell: Slow
  1499 | D:2      | Reached XP level 4. HP: 29/31 MP: 0/0
  1515 | D:2      | Found Ginkalel's Antique Armour Boutique.
  3876 | D:3      | Reached XP level 5. HP: 4/35 MP: 0/0
  3876 | D:3      | Learned a level 2 spell: Call Imp
  5784 | D:4      | Reached skill level 1 in Fighting
  5784 | D:4      | Reached skill level 1 in Armour
  5784 | D:4      | Reached skill level 1 in Evocations
  5784 | D:4      | Reached XP level 6. HP: 27/42 MP: 0/0
  5787 | D:4      | Reached skill level 1 in Staves
  6146 | D:4      | Found a staircase to the Ecumenical Temple.
  6249 | D:4      | Noticed Sigmund
  6258 | D:4      | Killed Sigmund
  6259 | D:4      | Reached XP level 7. HP: 33/49 MP: 0/0
  6259 | D:4      | Learned a level 3 spell: Hailstorm
  7758 | Temple   | Entered the Ecumenical Temple
  7859 | Temple   | Became a worshipper of Hepliaklqana the Forgotten
  7911 | D:5      | Entered Level 5 of the Dungeon
  7945 | D:5      | Noticed Dowan
  7952 | D:5      | Killed Dowan
  9564 | D:5      | Reached XP level 8. HP: 50/55 MP: 0/0
 10397 | D:5      | Found a sacrificial altar of Ru.
 10460 | D:5      | Noticed Duvessa
 10476 | D:5      | Slain by Duvessa

Illustrated notes

Levels and vault maps discovered:
D:1:      ebering_trefoil_3fold, layout_loops_corners,
          hellmonk_ecumenical_altar_arch_garden
D:2:      layout_loops_cross, serial_shops, shop_coins, grunt_ministairs_8,
          minmay_cupped
D:3:      layout_basic, minivault_14, skrybe_limestone_x, hellmonk_no_cap
D:4:      layout_loops_cross, minmay_temple_entry_statues_pillars, uniq_sigmund
D:5:      layout_basic, mainiacjoe_overflow_surrounded_room, marbit_many_paths,
          corexii_checkpoint_a, kennysheep_windowed_goal, uniq_duvessa
Temple:   jpeg_temple_clearing

Skill      XL: |  1  2  3  4  5  6  7  8 |
---------------+-------------------------+-----
Spellcasting   | 3 4 |  4.6
Fighting       | 1 2 |  2.7
Armour         | 1 2 |  2.8
Evocations     | 1 2 3 |  3.0
Staves         | 1 2 |  2.5
Dodging        | 3 4 |  4.1
Stealth        | |  1.5

Action                     |  1- 3 |  4- 6 |  7- 9 || total
---------------------------+-------+-------+-------++-------
  Melee: Unarmed           |     4 |       |       ||     4
         Staff             |       |    77 |     7 ||    84
         Punch             |       |     2 |       ||     2
   Cast: Foxfire           |    81 |    45 |   111 ||   237
         Scorch            |       |       |     3 ||     3
         Flame Wave        |       |       |     2 ||     2
         Slow              |       |       |     1 ||     1
    Use: Potion            |       |     6 |     1 ||     7
         Scroll            |       |     2 |     1 ||     3
   Stab: Sleeping          |       |     3 |     1 ||     4
 Armour: Robe              |     3 |    12 |    11 ||    26
         Skin              |       |     1 |       ||     1
  Dodge: Dodged            |    11 |    63 |    39 ||   113
